 Dungeon Crawl Stone Soup version 0.31-a0-7-g51783674b7 (console) character file.

Game seed: 16074009876921430503

38828 om the Summoner (level 13, 0/70 HPs)
             Began as a Deep Elf Summoner on May 4, 2023.
             Was an Elder of Sif Muna.
             Killed from afar by an ice statue (21 damage)
             ... with a bolt of cold
             ... in a Gauntlet on May 5, 2023.
             The game lasted 01:35:02 (22861 turns).

om the Summoner (Deep Elf Summoner)                Turns: 22861, Time: 01:35:05

Health: 0/70       AC: 14    Str:  5    XL:     13   Next: 65%
Magic:  25/32      EV: 14    Int: 24    God:    Sif Muna [****..]
Gold:   2065       SH: 12    Dex: 17    Spells: 3/38 levels left

rFire   + . .        g - +3 short sword (elec)
rCold   . . .        m - +2 buckler
rNeg    . . .        S - +2 robe {rF+}
rPois   .            N - +2 hat {Will+}
rElec   .            D - +1 cloak
rCorr   .            (no gloves)
SInv    .            G - +0 pair of boots {Fly}
Will    +++..        B - amulet of reflection
Stlth   +++          k - +4 ring of protection
HPRegen 0.31/turn    j - ring of willpower
MPRegen 0.23/turn

%: no teleportation, reflection
@: flying
A: no striking features
a: Renounce Religion, Channel Magic, Forget Spell, Divine Exegesis


You were in a Gauntlet.
You worshipped Sif Muna.
Sif Muna was greatly pleased with you.
You visited 4 branches of the dungeon, and saw 19 of its levels.
You also visited: Bailey and Gauntlet.

You collected 2317 gold pieces.
You spent 252 gold pieces at shops.

Inventory:

Hand Weapons
 g - a +3 short sword of electrocution (weapon)
 H - a +3 scimitar
 K - a +0 rapier of holy wrath
 Q - the +8 rapier "Luucveox" {holy, rPois rC- Str+5}
   (You found it on level 2 of the Lair of Beasts)

   Str:       It affects your strength (+5).
   rC:        It makes you vulnerable to cold.
   rPois:     It protects you from poison.
 U - a +3 double sword of holy wrath
Missiles
 x - 4 throwing nets
Armour
 d - a +0 troll leather armour
 f - a +1 leather armour of poison resistance
 m - a +2 buckler (worn)
 u - +0 steam dragon scales
 D - a +1 cloak (worn)
 G - a +0 pair of boots of flying (worn)
 L - an orb of light
 N - a +2 hat of willpower (worn)
 S - a +2 robe of fire resistance (worn)
Jewellery
 a - a +6 ring of intelligence
 e - a +6 ring of intelligence
 j - a ring of willpower (right hand)
 k - a +4 ring of protection (left hand)
 n - an amulet of magic regeneration
 r - a ring of protection from cold
 t - a ring of resist corrosion
 w - a +6 ring of dexterity
 B - an amulet of reflection (around neck)
 E - a ring of positive energy
 O - an amulet of guardian spirit
Wands
 p - a wand of polymorph (18)
 y - a wand of roots (3)
 z - a wand of flame (28)
 C - a wand of light (5)
Scrolls
 l - a scroll of poison
 v - a scroll of amnesia
 A - a scroll of silence
 I - a scroll of vulnerability
Potions
 b - 2 potions of magic
 c - 3 potions of curing
 h - 2 potions of brilliance
 i - 4 potions of might
 o - 3 potions of haste
 s - 3 potions of lignification
 F - a potion of attraction
 J - 2 potions of resistance
 R - 3 potions of cancellation
 T - a potion of berserk rage


   Skills:
 - Level 4.0 Fighting
 - Level 6.1 Short Blades
 * Level 5.6 Armour
 + Level 5.2 Dodging
 - Level 4.0 Stealth
 - Level 4.0 Shields
 + Level 13.4 Spellcasting
 * Level 14.0 Summonings
 + Level 7.1 Translocations
 - Level 6.0 Ice Magic
 * Level 0.0 Air Magic
 - Level 9.0 Invocations
 - Level 6.0 Evocations


You had 3 spell levels left.
You knew the following spells:

 Your Spells              Type           Power      Damage    Failure   Level
a - Summon Small Mammal   Summ           100%       N/A       1%          1
b - Call Imp              Summ           100%       N/A       1%          2
c - Call Canine Familiar  Summ           70%        N/A       1%          3
d - Summon Guardian Gole  Hex/Summ       49%        N/A       1%          3
e - Summon Forest         Summ/Tloc      30%        N/A       2%          5
f - Summon Ice Beast      Ice/Summ       59%        N/A       1%          4
g - Summon Lightning Spi  Summ/Air       49%        N/A       3%          4
h - Summon Hydra          Summ           35%        N/A       17%         7
i - Dispersal             Tloc           25%        N/A       45%         6

Your spell library contained the following spells:

 Spells                   Type           Power      Damage    Failure   Level
 Frozen Ramparts          Ice            88%        1d14      1%          3
 Gell's Gravitas          Tloc           50%        N/A       1%          3
 Teleport Other           Tloc           50%        N/A       1%          3
 Magic Dart               Conj           64%        1d6       6%          1
 Cigotuvi's Dreadful Rot  Necr/Pois/Air  32%        N/A       10%         2
 Ignite Poison            Fire/Tmut/Pois 16%        N/A       19%         3
 Mephitic Cloud           Conj/Pois/Air  16%        N/A       19%         3
 Stone Arrow              Conj/Erth      32%        3d9       19%         3
 Animate Armour           Summ/Erth      98%        N/A       3%          4
 Ice Form                 Ice/Tmut       30%        N/A       19%         4
 Freezing Cloud           Conj/Ice/Air   12%        6-21      61%         5
 Alistair's Intoxication  Tmut/Pois      10%        N/A       87%         5
 Borgnjor's Vile Clutch   Necr/Erth      8%         N/A       87%         5
 Eringya's Noxious Bog    Tmut/Pois      8%         N/A       100%        6
 Lehudib's Crystal Spear  Conj/Erth      8%         10d3      100%        8


Dungeon Overview and Level Annotations

Branches:
Dungeon (12/15)            Temple (1/1) D:5            Lair (4/5) D:10
  Swamp (0/4) Lair:3        Snake (0/4) Lair:3          Orc (2/2) D:10
    Elf (0/3) Orc:2        Bailey (visited)         Gauntlet (1/1)
  Slime: Lair:4-5

Altars:
Ashenzari
Cheibriados
Dithmenos
Elyvilon
Fedhas
Gozag
Hepliaklqana
Kikubaaqudgha
Makhleb
Nemelex Xobeh
Okawaru
Qazlal
Ru
Sif Muna
Trog
Uskayaw
Vehumet
Wu Jian
Xom
Yredelemnul
Zin
The Shining One

Shops:
Orc:2 (*[=

Annotations:
D:4 1 runed translucent door
Lair:3 2 transporters, Vacku Hude's ghost, journeyman HOFi Gauntlet 9 transporters, 2 runed translucent doors, exclusion: ice statue


Message History

Anything else - Cancel.
Gang up on whom?
Press: ? - help, Dir - move target, f/p - ice statue
Aim: an ice statue (lightly damaged, fire blocked by a translucent stone wall) There's something in the way.
Okay, then.
You start resting.
Your guardian golem disappears in a puff of smoke!
The ice statue glitters chillingly in the dim dungeon light. x3
Your ice beast disappears in a puff of smoke!
The raiju pauses to sniff the ground.
HP restored.
The ice statue glitters chillingly in the dim dungeon light.
You start resting.
The ice statue glitters chillingly in the dim dungeon light.
Magic restored.
There is a transporter landing site here.
Really fly into a travel-excluded area?
The ice statue gestures at you. The freezing blast misses you.
Casting: Summon Ice Beast (dangerous; 1% risk of failure)
Confirm with . or Enter, or press ? or * to list all spells.
The spell is quite dangerous to miscast (17% risk of failure)!
Continue anyway?
An eight-headed hydra appears.
You are engulfed in freezing vapours.
The ice statue gestures at you. The shard of ice hits you!
What are your orders? t - Shout!
Orders for allies: a - Attack new target. p - Attack previous target. r - Retreat! s - Stop attacking. g - Guard the area. f - Follow me.
Anything else - Cancel.
Gang up on whom?
Press: ? - help, Dir - move target, f/p - ice statue
Aim: an ice statue (ally target) Attack!
You are engulfed in freezing vapours.
* * * LOW HITPOINT WARNING * * *
The ice statue gestures at you. The bolt of cold hits you!!
You die...

≈.#.#.#.###.#..####z#.≈≈#
≈.#.9.#..©#.#....z..#.≈##
#.#########.#########.##
≈....#©.........©#....≈##
≈..8.#.8.8.8.8.8.#.8..≈≈#
≈....#©.........©#....≈##
#.###################.##
≈.#YYY©##.#.#.#D§☼.8#.≈##
≈.#Y.=##..#.#.#☼@##.#.≈≈#
≈.#..##...#.#.°##○○##.≈##
#.#.##©.#.#.##..©☼○##.##
≈.#w#..##.#.##..##..#.≈##
≈.#w..##..#.#.##..#.#.≈≈#
≈.#..##...#.#.....#.#.≈##
#.#########.#########.##
≈....#©.........©#....≈##
≈..8.#.8.8.8.8.8.#.8..≈≈#


You could see an ice statue (ally target), a flying skull (wandering) and a
friendly eight-headed hydra (summoned).

Vanquished Creatures
  An orc high priest (Orc:1)
  An unseen horror (D:10)
  A cane toad (Lair:2)
  A rime drake (Gauntlet)
  A slime creature (D:10)
  A spriggan (D:10)
  A yak (Lair:1)
  A steam dragon (D:9)
  An acid dragon (D:10)
  A warg (Orc:1)
  An orc warrior (Orc:2)
  A sky beast (D:8)
  A wolf (Bailey)
  A lemure (D:6)
  A phantom (D:5)
  2 scorpions (D:6)
  3 bullfrogs
  A wight (D:10)
  A killer bee (D:8)
  3 hounds (D:5)
  A jelly (D:6)
  3 orc priests
  An iguana (D:6)
  2 orc wizards
  3 adders
  A worm (D:3)
  16 orcs
  2 ball pythons
  2 endoplasms
  3 giant cockroaches (D:3)
  6 goblins
  A hobgoblin (D:3)
  5 bats
  A kobold (D:3)
  2 rats
74 creatures vanquished.

Vanquished Creatures (collateral kills)
  Gastronok (Lair:1)
  An orc warlord (Orc:2)
  Harold (D:11)
  Erolcha (D:11)
  A boulder beetle (Lair:2)
  A two-headed ogre (Orc:1)
  3 death yaks
  Urug (D:11)
  Lodul (D:11)
  A bog body (Lair:3)
  3 orc knights (Orc:2)
  A lindwurm (Lair:1)
  Pikel (D:6)
  4 orc sorcerers
  2 cyclopes
  A manticore (D:12)
  2 black mambas
  5 cane toads
  Psyche (D:11)
  A komodo dragon (Lair:3)
  A rime drake (Gauntlet)
  7 trolls
  2 hornets (Gauntlet)
  A blink frog (Lair:4)
  A wyvern (Lair:3)
  5 slime creatures (D:10)
  A wraith (D:11)
  23 yaks
  4 spriggans (D:10)
  3 vampire mosquitoes (D:11)
  A basilisk (Lair:2)
  A steam dragon (D:8)
  2 swamp worms (Lair:3)
  3 water moccasins
  A sky beast (D:6)
  2 ice beasts
  22 orc warriors
  7 wolves
  13 ogres
  2 lemures (D:6)
  6 centaurs
  A kobold brigand (D:9)
  Blork the orc (Orc:2)
  A gnoll sergeant (Bailey)
  7 bullfrogs
  2 scorpions
  14 wights
  6 killer bees
  6 howler monkeys
  An electric eel (Lair:3)
  A lava snake (Orc:2)
  Crazy Yiuf (D:6)
  2 jellies
  11 orc priests
  3 hounds
  A gnoll bouda (Bailey)
  3 sleepcaps
  An iguana (D:6)
  15 orc wizards
  10 gnolls
  3 adders
  A shadow imp (D:6)
  3 white imps (D:7)
  2 nameless horrors
  2 worms (D:2)
  A dart slug (D:2)
  75 orcs
  3 ball pythons
  3 bats
  2 endoplasms
  8 goblins
  5 hobgoblins
  6 kobolds
  3 frilled lizards
  A jackal skeleton (D:4)
  5 rats
351 creatures vanquished.

Vanquished Creatures (others)
  An orc high priest (Orc:2)
  A lindwurm (Lair:1)
  A cane toad (Lair:1)
  A troll (D:10)
  A queen bee (Lair:1)
  A shadow (D:10)
  3 spriggans (D:10)
  3 yaks
  3 nagas (Lair:3)
  A sky beast (D:7)
  2 orc warriors (Orc:2)
  2 wolves
  A centaur (D:10)
  A lemure (D:6)
  A bullfrog (D:9)
  A gnoll sergeant (D:10)
  8 wights
  2 killer bees (D:9)
  An orc priest (Orc:2)
  A gnoll bouda (Bailey)
  An orc wizard (D:10)
  3 gnolls (Bailey)
  14 fungi
  17 plants
  10 snaplasher vines
81 creatures vanquished.

Grand Total: 506 creatures vanquished

Notes
Turn   | Place    | Note
-------+----------+-------------------------------------------
     0 | D:1      | om the Deep Elf Summoner began the quest for the Orb.
     0 | D:1      | Reached XP level 1. HP: 10/10 MP: 6/6
   170 | D:1      | Found a faded altar of an unknown god.
   276 | D:1      | Reached XP level 2. HP: 15/15 MP: 8/8
   340 | D:1      | Learned a level 2 spell: Call Imp
   736 | D:2      | Reached XP level 3. HP: 14/19 MP: 10/10
   778 | D:2      | Reached skill level 1 in Short Blades
  1104 | D:2      | Reached XP level 4. HP: 24/24 MP: 11/11
  1831 | D:3      | Learned a level 3 spell: Call Canine Familiar
  2227 | D:4      | Noticed an ogre
  2237 | D:4      | Killed an ogre
  2238 | D:4      | Reached skill level 5 in Summonings
  2238 | D:4      | Reached XP level 5. HP: 28/28 MP: 5/13
  2478 | D:4      | Reached XP level 6. HP: 20/32 MP: 7/15
  2621 | D:4      | Reached skill level 5 in Spellcasting
  2715 | D:4      | Noticed a human
  2716 | D:4      | Found a runed translucent door.
  2755 | D:4      | Found a basalt altar of Yredelemnul.
  3057 | D:5      | Entered Level 5 of the Dungeon
  3141 | D:5      | Reached skill level 6 in Summonings
  3141 | D:5      | Reached XP level 7. HP: 36/36 MP: 15/17
  3151 | D:5      | Learned a level 3 spell: Summon Guardian Golem
  3252 | D:5      | Found an ornate altar of the Wu Jian Council.
  3757 | D:5      | Found a staircase to the Ecumenical Temple.
  3766 | Temple   | Entered the Ecumenical Temple
  3919 | Temple   | Became a worshipper of Sif Muna the Loreminder
  4795 | D:6      | HP: 1/36 [lemure[Pikel] (5)]
  5093 | D:6      | Noticed Pikel
  5117 | D:6      | Killed Pikel
  5118 | D:6      | Reached skill level 5 in Short Blades
  5118 | D:6      | Reached skill level 8 in Summonings
  5118 | D:6      | Reached XP level 8. HP: 18/41 MP: 14/20
  5250 | D:6      | Reached skill level 1 in Fighting
  5250 | D:6      | Reached skill level 1 in Armour
  5368 | D:6      | Reached skill level 1 in Invocations
  5368 | D:6      | Reached skill level 1 in Evocations
  5842 | D:6      | Found a runed translucent door.
  5843 | D:6      | Noticed Crazy Yiuf
  5852 | D:6      | Killed Crazy Yiuf
  5972 | D:6      | Reached skill level 1 in Translocations
  6006 | D:7      | Found a sacrificial altar of Ru.
  6050 | D:7      | Reached XP level 9. HP: 20/48 MP: 12/21
  6050 | D:7      | Reached * piety under Sif Muna
  6351 | D:7      | Found a shimmering altar of Xom.
  6353 | D:7      | Found a hazy altar of Hepliaklqana.
  6354 | D:7      | Noticed a spectral ugly thing
  6424 | D:7      | Found a flagged portal.
  6435 | Bailey   | Entered a bailey
  6896 | Bailey   | Learned a level 5 spell: Summon Forest
  6902 | Bailey   | Reached ** piety under Sif Muna
  6963 | Bailey   | Noticed Grum
  6967 | Bailey   | HP: 1/49 [gnoll/+4 halberd (15)]
  7408 | D:8      | Learned a level 4 spell: Summon Ice Beast
  7773 | D:8      | Reached skill level 9 in Summonings
  7964 | D:8      | Reached XP level 10. HP: 56/56 MP: 18/23
  9309 | D:10     | Entered Level 10 of the Dungeon
  9391 | D:10     | Reached skill level 10 in Summonings
  9861 | D:10     | Reached skill level 1 in Ice Magic
  9861 | D:10     | Reached skill level 5 in Invocations
  9896 | D:10     | Reached skill level 5 in Evocations
 10024 | D:10     | Reached skill level 1 in Shields
 10515 | D:10     | Reached *** piety under Sif Muna
 10697 | D:10     | Reached XP level 11. HP: 59/60 MP: 16/25
 10720 | D:10     | Reached skill level 5 in Translocations
 10818 | D:10     | Found a staircase to the Lair.
 11387 | D:10     | Found a staircase to the Orcish Mines.
 11755 | D:10     | Reached **** piety under Sif Muna
 12006 | Lair:1   | Entered Level 1 of the Lair of Beasts
 12032 | Lair:1   | Learned a level 4 spell: Summon Lightning Spire
 12122 | Lair:1   | Reached skill level 11 in Summonings
 12448 | Lair:1   | Identified the +1 robe "Jytil" {MP-9 Str+2 Dex+3}
 12464 | Lair:1   | Noticed Sonja
 12468 | Lair:1   | Noticed a lindwurm
 12697 | Lair:1   | Noticed Gastronok
 12758 | Lair:1   | Killed Gastronok
 12759 | Lair:1   | Reached skill level 5 in Ice Magic
 12923 | Lair:1   | Noticed a lindwurm
 12924 | Lair:1   | Reached skill level 10 in Spellcasting
 12932 | Lair:1   | Killed a lindwurm
 13006 | Lair:1   | Reached skill level 12 in Summonings
 13109 | Lair:1   | Killed a lindwurm
 13246 | Lair:1   | Sonja changed into Sonja the queen bee
 13246 | Lair:1   | Noticed Sonja
 13268 | Lair:1   | Killed Sonja the queen bee
 13269 | Lair:1   | Reached XP level 12. HP: 62/66 MP: 12/28
 13730 | Lair:2   | Identified the +8 rapier "Luucveox" {holy, rPois rC- Str+5}
 13883 | Lair:2   | Noticed a boulder beetle
 13894 | Lair:2   | Killed a boulder beetle
 14003 | Lair:2   | Identified the +1 leather armour "Yvvicali" {rC+ Str+3
                  | Int-4}
 14732 | Orc:1    | Entered Level 1 of the Orcish Mines
 15055 | Orc:1    | Noticed an orc high priest
 15064 | Orc:1    | Noticed a two-headed ogre
 15079 | Orc:1    | Killed a two-headed ogre
 15082 | Orc:1    | Killed an orc high priest
 15083 | Orc:1    | Reached skill level 13 in Summonings
 15368 | Orc:2    | Entered Level 2 of the Orcish Mines
 15416 | Orc:2    | Noticed an orc high priest
 15429 | Orc:2    | Killed an orc high priest
 15429 | Orc:2    | Noticed Blork the orc
 15435 | Orc:2    | Killed Blork the orc
 15669 | Orc:2    | Noticed an orc warlord
 15693 | Orc:2    | Killed an orc warlord
 15846 | Orc:2    | Reached ***** piety under Sif Muna
 15997 | Orc:2    | Found Coggorum's Jewellery Boutique.
 16019 | Orc:2    | Found Yraqyat's Antique Armour Boutique.
 16022 | Orc:2    | Found Waiwer's Antique Weapon Boutique.
 16162 | Orc:2    | Found Pitzugat's General Store.
 16179 | Orc:2    | Bought a potion of cancellation for 112 gold pieces
 16179 | Orc:2    | Bought a potion of haste for 140 gold pieces
 16214 | Orc:2    | Found a staircase to the Elven Halls.
 16431 | Orc:2    | Received a gift from Sif Muna
 16567 | Orc:2    | Upgraded the game from 0.31-a0-4-gefa6de2278 to
                  | 0.31-a0-7-g51783674b7
 17062 | Orc:1    | Learned a level 7 spell: Summon Hydra
 17170 | D:11     | Noticed Erolcha
 17184 | D:11     | Killed Erolcha
 17185 | D:11     | Reached XP level 13. HP: 70/70 MP: 17/31
 17429 | D:11     | Noticed Harold
 17444 | D:11     | Killed Harold
 17776 | D:11     | Noticed Urug
 17794 | D:11     | Killed Urug
 17946 | D:11     | Noticed Lodul
 17953 | D:11     | Killed Lodul
 17971 | D:11     | Noticed Psyche
 18683 | D:11     | Killed Psyche
 19481 | Lair:3   | Found a transporter.
 19486 | Lair:3   | Noticed Vacku Hude's ghost (journeyman HOFi)
 19487 | Lair:3   | Found a transporter.
 19540 | Lair:3   | Found a staircase to the Snake Pit.
 20186 | Lair:3   | Found a staircase to the Swamp.
 20452 | Lair:4   | Reached skill level 5 in Armour
 21195 | Lair:3   | Found a transporter.
 21199 | Lair:3   | Found a transporter.
 21220 | Lair:3   | Found a staircase to the Snake Pit.
 21331 | Lair:3   | Found a staircase to the Swamp.
 21674 | Lair:2   | Learned a level 6 spell: Dispersal
 22113 | D:12     | Reached skill level 5 in Dodging
 22289 | D:12     | Found a gate leading to a gauntlet.
 22310 | Gauntlet | Entered a Gauntlet
 22310 | Gauntlet | Found a transporter.
 22310 | Gauntlet | Found a transporter.
 22310 | Gauntlet | Found a runed translucent door.
 22328 | Gauntlet | Found a transporter.
 22332 | Gauntlet | Found a transporter.
 22340 | Gauntlet | Found a transporter.
 22344 | Gauntlet | Found a transporter.
 22356 | Gauntlet | Found a transporter.
 22361 | Gauntlet | Found a runed translucent door.
 22368 | Gauntlet | Found a transporter.
 22382 | Gauntlet | Found a transporter.
 22386 | Gauntlet | Found a transporter.
 22386 | Gauntlet | Found the ring of the Octopus King
 22397 | Gauntlet | Found a transporter.
 22398 | Gauntlet | Found a transporter.
 22400 | Gauntlet | Found a runed translucent door.
 22688 | Gauntlet | Reached skill level 14 in Summonings
 22861 | Gauntlet | Killed from afar by an ice statue

Illustrated notes

Levels and vault maps discovered:
D:1:      lemuel_arrival_broad_hall, layout_rooms,
          hellmonk_ecumenical_altar_lost_god, glass_columns_a, dk_noncrumbling_2
D:2:      layout_basic, minmay_goblin_kobold_house
D:3:      layout_rooms
D:4:      layout_cave_pools, dk_yredelemnul_ordeal
D:5:      layout_layer_cave, general_overflow_altar,
          minmay_temple_entry_enclosed_plants, dreamdust_princess_corridor,
          minmay_misc_feat_diagonals
D:6:      wander_river, layout_basic, uniq_pikel, uniq_crazy_yiuf_cottage
D:7:      layout_rooms, regret_index_temple_of_mockery, nicolae_ru_awakened_eye,
          enter_bailey_4
D:8:      layout_rooms
D:9:      layout_irregular_city
D:10:     kb_forest_paths, layout_long_grid, lair_entry_dummy,
          hiddenorc1_lemuel, minivault_27, the_hattery
D:11:     layout_cave_pools, serial_co_window_serial, co_window_paths_a,
          co_window_corner_a, co_window_paths_b, co_window_paths_a,
          co_window_corner_a, co_window_of_opportunity_b, co_window_cross_4,
          co_window_paths_c, co_window_broadway_a, co_window_unsneaky_path_e,
          co_window_2corner, co_window_of_opportunity_b, glass_columns_c,
          uniq_erolcha, uniq_urug, uniq_psyche, uniq_grum, uniq_harold,
          uniq_lodul
D:12:     layout_cave_pods, gauntlet_entry_generic
Temple:   nicolae_temple_bog_church
Lair:1:   layout_loops_ring, nicolae_lair_lindhole, uniq_gastronok, uniq_sonja
Lair:2:   layout_chaotic_city
Lair:3:   layout_chaotic_city, nicolae_swamp_entry_splash_gauntlet,
          guppyfry_snake_entry_garden, gammafunk_ghost_hive
Lair:4:   layout_roguey, slime_entry_1, special_room [special_room_bee],
          infiniplex_staircase_pool, grunt_megastairs_3, uniq_nessos
Orc:1:    layout_diamond_mine, basic_altar, nicolae_orc_lost_temple
Orc:2:    grunt_orc_cross, layout_caves, nicolae_orc_lava_tube
Gauntlet: minmay_gauntlet_77_indecision [minmay_gauntlet_arena_77_mess,
          minmay_gauntlet_arena_77_cramped, minmay_gauntlet_arena_77_two_lines,
          minmay_gauntlet_arena_77_squiggly, minmay_gauntlet_arena_77_path,
          minmay_gauntlet_arena_77_hold_the_fort,
          nicolae_gauntlet_exit_dead_adventurers]

Skill      XL: |  1  2  3  4  5  6  7  8  9 10 11 12 13 |
---------------+----------------------------------------+-----
Stealth        | 3 4 |  4.0
Short Blades   | 1 2 3 5 6 |  6.1
Dodging        | 3 4 5 |  5.2
Spellcasting   | 4 5 7 8 10 12 13 | 13.4
Summonings     | 5 6 8 9 10 12 13 14 | 14.0
Fighting       | 1 3 4 |  4.0
Armour         | 1 3 5 |  5.6
Invocations    | 2 4 5 6 8 9 |  9.0
Evocations     | 2 3 5 6 |  6.0
Translocations | 1 3 4 5 7 |  7.1
Ice Magic      | 2 5 6 |  6.0
Shields        | 1 3 4 |  4.0

Action                     |  1- 3 |  4- 6 |  7- 9 | 10-12 | 13-15 || total
---------------------------+-------+-------+-------+-------+-------++-------
  Melee: Dagger            |    39 |       |       |       |       ||    39
         Punch             |     2 |     1 |     6 |     1 |       ||    10
         Short sword       |     1 |    76 |   102 |   106 |     4 ||   289
   Cast: Summon Small Mamm |    24 |    21 |    20 |    32 |       ||    97
         Call Imp          |     4 |    14 |    26 |    35 |     5 ||    84
         Call Canine Famil |       |     6 |    30 |    35 |     6 ||    77
         Summon Guardian G |       |       |    17 |    58 |    31 ||   106
         Summon Ice Beast  |       |       |       |    25 |    13 ||    38
         Summon Lightning  |       |       |       |    43 |    12 ||    55
         Summon Forest     |       |       |       |    19 |    17 ||    36
         Summon Hydra      |       |       |       |       |    15 ||    15
         Dispersal         |       |       |       |       |     1 ||     1
 Invoke: Channel Magic     |       |       |     1 |     2 |     2 ||     5
         Divine Exegesis   |       |       |       |       |     1 ||     1
  Evoke: Wand              |       |       |       |     6 |       ||     6
    Use: Scroll            |     1 |     3 |    10 |     4 |     9 ||    27
         Potion            |       |       |     1 |     5 |     1 ||     7
   Stab: Sleeping          |     3 |     2 |     4 |       |       ||     9
         Distracted        |       |     3 |       |     2 |       ||     5
 Armour: Robe              |    12 |    20 |       |       |    26 ||    58
         Leather armour    |       |     9 |    46 |    18 |       ||    73
         Troll leather arm |       |       |       |    33 |       ||    33
  Dodge: Dodged            |    40 |    90 |   114 |    92 |    31 ||   367
  Block: Other             |       |       |    43 |    28 |       ||    71
         Reflection        |       |       |     3 |    16 |     7 ||    26
         Buckler           |       |       |       |    42 |    49 ||    91

Table legend: (Time is in decaauts)
 A = Elapsed time spent in this place.
 B = Non-inter-level travel time spent in this place.
 C = Inter-level travel time spent in this place.
 D = Time resting spent in this place.
 E = Time spent auto-exploring this place.
 F = Levels seen in this place.
 G = Mean time per level.
                   A        B        C        D        E       F      G
               +--------+--------+--------+--------+--------+-----+--------+
         Total |  22832 |  21825 |   1007 |   3549 |  13229 |  21 | 1087.2 |
       Dungeon |  13813 |  13244 |    569 |   1959 |   8088 |  12 | 1151.1 |
        Temple |    171 |    147 |     24 |      0 |    134 |   1 |  171.0 |
          Lair |   5398 |   5076 |    322 |    826 |   3395 |   4 | 1349.5 |
  Orcish Mines |   2366 |   2275 |     91 |    246 |   1463 |   2 | 1183.0 |
        Bailey |    532 |    532 |      0 |    348 |     40 |   1 |  532.0 |
      Gauntlet |    550 |    550 |      0 |    170 |    108 |   1 |  550.0 |
               +--------+--------+--------+--------+--------+-----+--------+

Top non-repeatable levels by time:
    D:10: 2635 daAuts
  Lair:3: 2516 daAuts
    D:11: 2047 daAuts
  Lair:1: 1695 daAuts
   Orc:2: 1627 daAuts
     D:6: 1457 daAuts
     D:9: 1416 daAuts
     D:5: 1274 daAuts
  Lair:2: 1156 daAuts
     D:2: 955 daAuts
     D:4: 896 daAuts
     D:7: 868 daAuts
     D:8: 746 daAuts
   Orc:1: 739 daAuts
     D:1: 639 daAuts
